 Dungeon Crawl Stone Soup version 0.28-a0-494-ge2d2658822 (webtiles) character file.

Game seed: 3904947621874453101

335842 Spaninq the Gelid (level 19, -11/154 HPs)
             Began as a Demigod Ice Elementalist on Sept 19, 2021.
             Mangled by a spark wasp (17 damage)
             ... on level 2 of the Depths.
             The game lasted 04:37:09 (68374 turns).

Spaninq the Gelid (Demigod Ice Elementalist)       Turns: 68374, Time: 04:37:09

Health: -11/154    AC: 22    Str: 10    XL:     19   Next: 78%
Magic:  2/42       EV:  8    Int: 44    God:
Gold:   476        SH:  7    Dex: 14    Spells: 4/44 levels left

rFire   + + .      SeeInvis .   f - staff of cold
rCold   + + .      Faith    .   X - +2 buckler
rNeg    . . .      Spirit   .   P - +0 fire dragon scales
rPois   .          Reflect  .   T - +2 hat
rElec   .          Harm     .   I - scarf {rC+ rF+}
rCorr   .          Rampage  .   E - +2 pair of gloves {Str+3}
Will    ++...                   H - +2 pair of boots {Stlth+}
Stlth   +.........              M - amulet of magic regeneration
HPRegen 0.35/turn               q - ring of Qiput {Will+ AC+4 Int+3}
MPRegen 0.53/turn               j - ring of ice

@: unable to drink, studying Air Magic
A: no potions, high mp 1, forlorn, horns 1, weak 1
}: 3/15 runes: decaying, serpentine, slimy
a: no special abilities


You were on level 2 of the Depths.
You visited 8 branches of the dungeon, and saw 39 of its levels.
You visited 1 bazaar.
You also visited: Sewer and Ice Cave.

You collected 3721 gold pieces.
You spent 3245 gold pieces at shops.

Inventory:

Hand Weapons
 o - a +1 whip of electrocution
Armour
 a - a +0 robe
 i - the +2 cloak of the Thief {*Fog Slay-2 SInv Stlth+}
   (You found it on level 4 of the Swamp)

   It may release a thick cloud of smoke when the wearer is hurt.
   Slay:      It affects your accuracy & damage with ranged weapons and melee
   (-2).
   SInv:      It lets you see invisible.
   Stlth:     It makes you more stealthy.
 E - a +2 pair of gloves of strength (worn)
 H - a +2 pair of boots of stealth (worn)
 I - a scarf of resistance (worn)
 P - +0 fire dragon scales (worn)
 T - a +2 hat (worn)
 X - a +2 buckler (worn)
Magical Staves
 f - a staff of cold (weapon)
 Z - a staff of conjuration
Jewellery
 j - a ring of ice (right hand)
 q - the ring of Qiput (left hand) {Will+ AC+4 Int+3}
   (You found it on level 5 of the Pits of Slime)

   [ring of protection]

   AC:        It affects your AC (+4).
   Int:       It affects your intelligence (+3).
   Will:      It increases your willpower.
 t - a ring of flight
 A - a ring of willpower
 F - a ring of magical power
 M - an amulet of magic regeneration (around neck)
 N - a +6 ring of intelligence
 Q - a ring of ice
Wands
 p - a wand of paralysis (33)
 w - a wand of acid (17)
 D - a wand of flame (138)
 L - a wand of polymorph (14)
 R - a wand of iceblast (25)
 V - a wand of digging (19)
 Y - a wand of mindburst (28)
Scrolls
 b - 2 scrolls of magic mapping
 c - 3 scrolls of holy word
 g - 8 scrolls of enchant armour
 n - 5 scrolls of fog
 u - 6 scrolls of immolation
 y - 4 scrolls of blinking
 z - 8 scrolls of teleportation
 C - 2 scrolls of fear
 G - 4 scrolls of enchant weapon
 K - 15 scrolls of identify
 S - a scroll of amnesia
Potions
 d - 4 potions of flight
 e - 4 potions of magic
 h - 16 potions of curing
 k - 5 potions of ambrosia
 l - 2 potions of resistance
 m - 5 potions of brilliance
 r - 5 potions of might
 s - 3 potions of invisibility
 x - 4 potions of mutation
 B - 8 potions of heal wounds
 J - 7 potions of haste
 U - 2 potions of berserk rage
 W - 4 potions of cancellation
Miscellaneous
 v - a phial of floods
 O - a lightning rod (4/4)


   Skills:
 - Level 10.0 Fighting
 - Level 5.5 Armour
 - Level 1.7 Dodging
 - Level 1.7 Stealth
 - Level 4.0 Shields
 + Level 13.4 Spellcasting
 * Level 14.6 Conjurations
 - Level 7.0 Transmutations
 - Level 3.0 Fire Magic
 * Level 17.0 Ice Magic
 * Level 16.6 Air Magic
 - Level 7.0 Earth Magic
 + Level 1.8 Evocations


You had 4 spell levels left.
You knew the following spells:

 Your Spells              Type           Power      Damage    Failure   Level
a - Freeze                Ice            100%       1d11      0%          1
b - Frozen Ramparts       Ice            100%       1d12      1%          3
c - Hailstorm             Conj/Ice       100%       3d20      1%          4
d - Airstrike             Air            54%        N/A       1%          4
e - Ozocubu's Refrigerat  Ice            79%        4d20      6%          7
f - Sticky Flame          Conj/Fire      82%        2d9       1%          4
g - Metabolic Englaciati  Hex/Ice        62%        N/A       6%          5
h - Statue Form           Tmut/Erth      49%        N/A       54%         6
i - Apportation           Tloc           58%        N/A       8%          1
j - Lightning Bolt        Conj/Air       52%        1d74      1%          5

Your spell library contained the following spells:

 Spells                   Type           Power      Damage    Failure   Level
 Shock                    Conj/Air       100%       1d9       0%          1
 Magic Dart               Conj           100%       1d8       1%          1
 Corpse Rot               Necr/Air       N/A        N/A       1%          2
 Passwall                 Tmut/Erth      61%        N/A       1%          2
 Static Discharge         Conj/Air       100%       N/A       1%          2
 Conjure Flame            Conj/Fire      82%        6-21      1%          3
 Mephitic Cloud           Conj/Pois/Air  88%        N/A       1%          3
 Ozocubu's Armour         Ice            100%       N/A       1%          3
 Stone Arrow              Conj/Erth      100%       3d13      1%          3
 Swiftness                Air            100%       N/A       1%          3
 Summon Lightning Spire   Summ/Air       80%        N/A       2%          4
 Iskenderun's Mystic Bla  Conj/Tloc      76%        2d15      3%          4
 Petrify                  Tmut/Erth      74%        N/A       4%          4
 Ignite Poison            Fire/Tmut/Pois 56%        N/A       6%          3
 Animate Skeleton         Necr           58%        N/A       8%          1
 Pain                     Necr           100%       1d9       8%          1
 Summon Small Mammal      Summ           100%       N/A       8%          1
 Blink                    Tloc           N/A        N/A       12%         2
 Call Imp                 Summ           29%        N/A       12%         2
 Slow                     Hex            29%        N/A       12%         2
 Confusing Touch          Hex            29%        N/A       22%         3
 Lesser Beckoning         Tloc           29%        N/A       22%         3
 Summon Guardian Golem    Hex/Summ       29%        N/A       22%         3
 Vampiric Draining        Necr           14%        2d8       22%         3
 Cause Fear               Hex            14%        N/A       58%         4
 Dispel Undead            Necr           29%        3d13      58%         4
 Olgreb's Toxic Radiance  Pois           29%        N/A       58%         4
 Orb of Destruction       Conj           51%        9d16      16%         7
 Simulacrum               Ice/Necr       62%        N/A       34%         6
 Alistair's Intoxication  Tmut/Pois      38%        N/A       45%         5
 Borgnjor's Vile Clutch   Necr/Erth      28%        N/A       45%         5
 Yara's Violent Unravell  Hex/Tmut       28%        3d12      45%         5
 Storm Form               Tmut/Air       46%        N/A       45%         7
 Manifold Assault         Tloc           29%        N/A       91%         5
 Eringya's Noxious Bog    Tmut/Pois      28%        N/A       95%         6
 Spellforged Servitor     Conj/Summ      38%        N/A       97%         7
 Dragon Form              Tmut           37%        N/A       98%         7
 Death Channel            Necr           14%        N/A       100%        6
 Invisibility             Hex            14%        N/A       100%        6
 Ignition                 Fire           27%        3d9       100%        8
 Chain Lightning          Conj/Air       52%        3d70      100%        9
 Dragon's Call            Summ           14%        N/A       100%        9


Dungeon Overview and Level Annotations

Branches:
Dungeon (15/15)            Temple (1/1) D:4            Lair (6/6) D:8
  Swamp (4/4) Lair:3        Snake (4/4) Lair:4        Slime (5/5) Lair:5
    Orc (2/2) D:12            Elf (0/3) Orc:2        Vaults (0/5) D:14
 Depths (2/4) D:15          Sewer (visited)           IceCv (visited)

Shops:
D:9 (   D:10 [   D:11 [   Orc:2 [(!*   Snake:2 ==:   Snake:3 !

Portals:
Hell: Depths:1

Annotations:
D:10 2 transporters, ytrimaz's ghost, journeyman MiFi
Snake:1 2 transporters, swinepaste's ghost, journeyman DsAK
Depths:1 1 runed translucent door


Innate Abilities, Weirdness & Mutations

You cannot drink.
Your attributes grow dramatically as you level up.
You have an increased reservoir of magic. (+10% MP)
You shall have no god before yourself.
You have a pair of small horns on your head.
You are weak. (Str -2)


Message History

Confirm with . or Enter, or press ? or * to list all spells.
Aiming: Sticky Flame (mildly dangerous; 1% risk of failure)
Press: ? - help, Shift-Dir - straight line, f - spark wasp
Aim: a spark wasp (severely wounded, 100% to hit)
The sticky flame hits the spark wasp!
The spark wasp is severely wounded.
The spark wasp is covered in liquid flames!
The spark wasp burns!
The spark wasp misses you. The spark wasp stings you!
The spark wasp shocks you!
The spark wasp burns!
The spark wasp burns!
The spark wasp stings you. The spark wasp shocks you!
You hear a grinding noise.
The spark wasp burns!
The spark wasp stops burning.
The spark wasp stings you!!
* * * LOW HITPOINT WARNING * * *
The spark wasp shocks you!
* * * LOW HITPOINT WARNING * * *
You cannot drink potions in your current state!
Press: ? - help, v - describe, . - travel
Here: a spark wasp (almost dead)
The floor.
Casting: Sticky Flame (mildly dangerous; 1% risk of failure)
Confirm with . or Enter, or press ? or * to list all spells.
Aiming: Freeze (safe; 0% risk of failure)
Press: ? - help, Shift-Dir - straight line, f/p - spark wasp
Aim: a spark wasp (almost dead)
You feel a strong surge of power!
You freeze the spark wasp.
The spark wasp is almost dead.
You block the spark wasp's attack.
Casting: Freeze (safe; 0% risk of failure)
Confirm with . or Enter, or press ? or * to list all spells.
Aiming: Freeze (safe; 0% risk of failure)
Press: ? - help, Shift-Dir - straight line, f/p - spark wasp
Aim: a spark wasp (almost dead)
You feel a strong surge of power!
You freeze the spark wasp.
The spark wasp is almost dead.
The spark wasp stings you!!
* * * LOW HITPOINT WARNING * * *
The spark wasp shocks you!
You die...

#......#.# #.#..#
#......#.# #.#..#
#.####...#.. #.#..#
.....#).)#####.#..#
.......#...yD.[.#..#
####)†.##.#####.#..#
##..p..# ..#.#..#
##.#..# #.#p#..#
#....# #@#.#.##
#.y.)# #.y.#.#
#....#.#####.#
##)...#.......##
##.....#.#####..#
..#####...##.#
#...#..#
#....).......#
#.#.#..#
#.........#..#
#.#.#..#
##........##.#
..#.#..#


You could see a spark wasp.

Vanquished Creatures
  the Royal Jelly (Slime:5)
  A lich (Depths:2)
  Jorgrun (Orc:2)
  21 acid blobs
  A tengu reaver (Depths:2)
  Gastronok (Lair:3)
  4 thorn hunters
  Roxanne (Snake:1)
  Kirke (Snake:4)
  A nagaraja (Snake:4)
  9 rockslimes
  13 azure jellies
  3 fire giants
  Aizul (Snake:4)
  An orc warlord (Orc:2)
  7 quicksilver oozes
  2 spriggan defenders (Depths:1)
  4 vampire knights
  A spark wasp (Depths:2)
  Azrael (D:12)
  An ettin (Depths:1)
  3 bunyips
  5 eleionomae
  2 fire dragons (Depths:1)
  9 great orbs of eyes
  Harold (Orc:1)
  4 boulder beetles
  6 shambling mangroves
  10 naga warriors
  20 hydras
  An ice dragon (Depths:2)
  A catoblepas (Lair:5)
  A spriggan air mage (Swamp:1)
  3 salamander tyrants
  2 ogre magi (D:15)
  2 vault guards (D:14)
  4 ghost crabs
  A merfolk avatar (Lair:6)
  3 centaur warriors
  The ghost of frogsbabysitter the Severer, a novice HOFi of Beogh (D:8)
  16 anacondas
  3 alligators
  A death knight (D:6)
  9 two-headed ogres
  A tengu warrior (Depths:1)
  5 death yaks (Lair:5)
  A vampire mage (Depths:1)
  2 hell hogs (Depths:1)
  13 shock serpents
  5 deep troll shamans
  10 naga sharpshooters
  Urug (Lair:4)
  2 spriggan berserkers
  2 orc high priests (Orc:2)
  3 hell knights
  Sonja (Lair:6)
  4 salamander mystics
  2 soul eaters (Depths:2)
  3 iron trolls
  6 deep trolls
  4 goliath frogs (Swamp:1)
  9 spriggan druids
  8 swamp dragons
  The ghost of Dittersdorf the Covered, a novice GrFi of Okawaru (D:5)
  4 naga ritualists
  2 spectral hydras (Swamp:4)
  2 lindwurms (Snake:4)
  Pikel (D:4)
  4 bog bodies
  4 orc knights
  2 wizards (D:14)
  A phantasmal warrior (Swamp:4)
  2 harpies (Lair:6)
  6 necromancers
  4 deep elf pyromancers
  18 mana vipers
  A deep elf zephyrmancer (D:15)
  A faun (Lair:5)
  A tengu skeleton (Depths:1)
  29 ugly things
  3 oklob plants (Swamp:4)
  4 will-o-the-wisps
  6 shining eyes
  3 manticores
  17 elephants
  4 orc sorcerers
  8 cyclopes
  An eye of devastation (Slime:3)
  17 salamanders
  A stone giant skeleton (Depths:1)
  2 ice statues (IceCv)
  A water nymph (shapeshifter) (D:15)
  6 guardian serpents (Snake:4)
  Joseph (Lair:1)
  15 naga magi
  44 black mambas
  10 cane toads
  9 komodo dragons
  An efreet (D:13)
  A rime drake (Lair:5)
  4 freezing wraiths
  6 ice devils (IceCv)
  2 entropy weaver simulacra (IceCv)
  A death drake zombie (Swamp:4)
  A tengu conjurer (Depths:1)
  A spriggan skeleton (Depths:1)
  4 trolls
  A bloated husk (Swamp:3)
  3 hydra zombies (Swamp:4)
  2 polar bears (Lair:6)
  Grinder (D:4)
  11 tyrant leeches
  31 hornets
  2 wind drakes (Lair:6)
  22 blink frogs
  82 slime creatures
  3 death drake skeletons (Swamp:4)
  3 snapping turtles (Lair:6)
  A centaur simulacrum (D:14)
  2 stone giant simulacra (Depths:1)
  A shadow (D:9)
  21 spriggans
  2 dire elephant simulacra (IceCv)
  44 yaks
  3 fire elementals (D:12)
  2 wraiths
  4 wyverns
  2 basilisks
  3 hogs (Snake:4)
  22 golden eyes
  19 humans
  A neqoxec (Depths:2)
  3 steam dragons
  15 vampire mosquitoes
  Menkaure (D:7)
  6 harpy simulacra (IceCv)
  17 swamp worms
  4 wargs
  3 hell hounds (D:12)
  41 nagas
  17 water moccasins
  A floating eye (Slime:5)
  4 hydra simulacra (Swamp:4)
  7 swamp drakes
  36 orc warriors
  3 swamp dragon zombies (Swamp:4)
  2 sky beasts
  3 black bears
  9 ogres
  An ice beast (D:7)
  A necrophage (D:6)
  7 centaurs
  38 wolves
  A phantom (D:4)
  3 kobold brigands (Sewer)
  11 bullfrogs
  4 gnoll sergeants
  2 scorpions
  A two-headed ogre simulacrum (IceCv)
  A water moccasin zombie (D:5)
  19 killer bees
  3 wights (D:7)
  11 howler monkeys
  2 electric eels
  A bullfrog zombie (D:5)
  3 centaur zombies
  6 hounds
  3 jellies (Lair:5)
  4 centaur skeletons
  4 gnoll shamans
  22 orc priests
  2 iguanas
  31 orc wizards
  A polar bear simulacrum (IceCv)
  A troll simulacrum (IceCv)
  A killer bee zombie (D:6)
  A wolf simulacrum (IceCv)
  32 gnolls
  A howler monkey skeleton (D:7)
  11 adders
  A river rat (Sewer)
  2 shadow imps
  2 ufetubi
  2 dart slugs
  3 worms (Sewer)
  92 orcs
  16 ball pythons
  2 bats (D:3)
  15 endoplasms
  4 giant cockroaches
  5 goblins
  9 hobgoblins
  7 jackals
  10 kobolds
  14 quokkas
  5 frilled lizards
  15 rats
  12 briar patches (Swamp:4)
  A bush (D:6)
  A fire vortex (Depths:1)
1429 creatures vanquished.

Vanquished Creatures (others)
  4 foxfires (Swamp:1)
  120 fungi
  168 plants
292 creatures vanquished.

Grand Total: 1721 creatures vanquished

Notes
Turn   | Place    | Note
-------+----------+-------------------------------------------
     0 | D:1      | Spaninq the Demigod Ice Elementalist began the quest for
                  | the Orb.
     0 | D:1      | Reached XP level 1. HP: 14/14 MP: 5/5
   487 | D:1      | Reached XP level 2. HP: 9/20 MP: 1/7
   751 | D:1      | Reached skill level 4 in Ice Magic
  1178 | D:2      | Reached XP level 3. HP: 20/26 MP: 4/8
  1182 | D:2      | Learned a level 3 spell: Frozen Ramparts
  1340 | D:2      | Reached skill level 1 in Shields
  1798 | D:2      | Reached XP level 4. HP: 30/33 MP: 10/10
  2379 | D:3      | Noticed a centaur
  2962 | D:3      | Killed a centaur
  2963 | D:3      | Reached skill level 5 in Ice Magic
  2963 | D:3      | Reached XP level 5. HP: 17/38 MP: 7/12
  3378 | D:4      | Found a staircase to the Ecumenical Temple.
  3407 | Temple   | Entered the Ecumenical Temple
  4240 | D:4      | Reached XP level 6. HP: 41/45 MP: 8/13
  4750 | D:4      | Noticed Grinder
  4750 | D:4      | Paralysed by Grinder for 4 turns
  4763 | D:4      | Killed Grinder
  4764 | D:4      | Reached skill level 6 in Ice Magic
  4817 | D:4      | Noticed Pikel
  4823 | D:4      | Killed Pikel
  4824 | D:4      | Reached skill level 7 in Ice Magic
  4824 | D:4      | Reached XP level 7. HP: 45/50 MP: 12/16
  4829 | D:4      | Noticed a steam dragon
  4833 | D:4      | Killed a steam dragon
  5235 | D:4      | Reached XP level 8. HP: 27/58 MP: 16/18
  5419 | D:4      | Reached skill level 1 in Fighting
  5645 | D:5      | Entered Level 5 of the Dungeon
  5675 | D:5      | Identified a scroll of acquirement
  5675 | D:5      | Acquired a staff of cold
  5683 | D:5      | Learned a level 4 spell: Hailstorm
  5784 | D:5      | Found a glowing drain.
  5851 | Sewer    | Entered a sewer
  6376 | Sewer    | Reached skill level 1 in Conjurations
  6497 | Sewer    | Acquired a book of Air
  6728 | Sewer    | Reached skill level 8 in Ice Magic
  6973 | D:5      | Noticed a hornet
  6974 | D:5      | Paralysed by a hornet for 1 turns
  6976 | D:5      | Killed a hornet
  7011 | D:5      | Learned a level 4 spell: Airstrike
  7082 | D:5      | Found a runed translucent door.
  7082 | D:5      | Noticed Dittersdorf's ghost (novice GrFi)
  7082 | D:5      | Noticed a two-headed ogre
  7346 | D:5      | Reached skill level 5 in Spellcasting
  7498 | D:5      | Reached skill level 1 in Air Magic
  8185 | D:6      | Reached XP level 9. HP: 68/68 MP: 12/20
  8560 | D:7      | Noticed Menkaure
  8566 | D:7      | Killed Menkaure
  9434 | D:7      | Reached skill level 9 in Ice Magic
  9900 | D:6      | Noticed a cyclops
  9900 | D:6      | Noticed a purple ugly thing
  9900 | D:6      | Noticed a death knight
  9920 | D:6      | Killed a purple ugly thing
  9945 | D:6      | Killed a cyclops
  9946 | D:6      | Reached XP level 10. HP: 26/78 MP: 0/22
 10259 | D:6      | Killed a death knight
 10421 | D:6      | Reached skill level 5 in Air Magic
 10563 | D:6      | Noticed a cyclops
 10565 | D:6      | Killed a cyclops
 11200 | D:8      | Reached skill level 10 in Ice Magic
 11866 | D:8      | Reached skill level 5 in Conjurations
 12428 | D:8      | Reached skill level 5 in Fighting
 12430 | D:8      | Reached XP level 11. HP: 75/86 MP: 10/24
 12628 | D:8      | Found a staircase to the Lair.
 12658 | D:8      | Found a runed translucent door.
 12662 | D:8      | Noticed frogsbabysitter's ghost (novice HOFi)
 13762 | D:9      | Acquired a +2 pair of gloves of strength
 13795 | D:9      | Found Hoop's Weapon Boutique.
 14572 | D:10     | Entered Level 10 of the Dungeon
 15561 | D:10     | Found Tetum's Armour Emporium.
 15569 | D:10     | Bought a scarf of resistance for 416 gold pieces
 15602 | D:10     | Found a transporter.
 15606 | D:10     | Noticed ytrimaz's ghost (journeyman MiFi)
 15618 | D:10     | Found a transporter.
 15752 | Lair:1   | Entered Level 1 of the Lair of Beasts
 15848 | Lair:1   | Noticed a six-headed hydra
 15874 | Lair:1   | Killed a six-headed hydra
 16131 | Lair:1   | Noticed Joseph
 16278 | Lair:1   | Reached skill level 11 in Ice Magic
 16512 | Lair:1   | Killed Joseph
 17236 | Lair:2   | Noticed a six-headed hydra
 17249 | Lair:2   | Killed a six-headed hydra
 18150 | Lair:1   | Noticed an eight-headed hydra
 18173 | Lair:1   | Killed an eight-headed hydra
 18174 | Lair:1   | Reached XP level 12. HP: 96/96 MP: 15/28
 18621 | Lair:3   | Noticed a six-headed hydra
 18628 | Lair:3   | Identified the amulet of Udafeuz {Drain Will+ Regen+}
 18653 | Lair:3   | Killed a six-headed hydra
 18733 | Lair:3   | Noticed Gastronok
 18743 | Lair:3   | Killed Gastronok
 18840 | Lair:3   | Learned a level 7 spell: Ozocubu's Refrigeration
 19192 | Lair:3   | Found a staircase to the Swamp.
 19487 | Lair:3   | Reached skill level 12 in Ice Magic
 19637 | Lair:3   | Noticed a seven-headed hydra
 19649 | Lair:3   | Killed a seven-headed hydra
 20212 | Lair:4   | Noticed Urug
 20226 | Lair:4   | Found a frozen archway.
 20239 | IceCv    | Entered an ice cave
 20493 | IceCv    | Learned a level 4 spell: Sticky Flame
 20837 | IceCv    | Reached skill level 1 in Fire Magic
 21707 | Lair:4   | Killed Urug
 21780 | Lair:4   | Reached XP level 13. HP: 105/105 MP: 14/30
 22163 | Lair:4   | Found a staircase to the Snake Pit.
 22387 | Lair:4   | Reached skill level 10 in Air Magic
 23827 | Lair:5   | Reached skill level 13 in Ice Magic
 24096 | Lair:5   | You fall into a shaft and drop 1 floor!
 24096 | Lair:6   | Entered Level 6 of the Lair of Beasts
 24650 | Lair:5   | Found a staircase to the Slime Pits.
 25861 | D:8      | Killed frogsbabysitter's ghost
 26210 | D:11     | Found Egoruar's Armour Shoppe.
 26602 | D:11     | Reached skill level 1 in Armour
 27083 | D:12     | Identified the +7 whip of Opnono {flame, Contam Int+4}
 27168 | D:12     | Found a flickering gateway to a bazaar.
 27177 | Bazaar   | Entered a bazaar
 27312 | Bazaar   | Found Odaojoyriu's Weapon Emporium.
 27327 | Bazaar   | Found Kappinai's General Store.
 27343 | Bazaar   | Found Sapis's Book Emporium.
 27379 | Bazaar   | Bought a book of Winter for 306 gold pieces
 27393 | Bazaar   | Bought a scroll of blinking for 60 gold pieces
 27407 | Bazaar   | Bought the Catalogue of Attacks for 342 gold pieces
 27521 | D:12     | Found a staircase to the Orcish Mines.
 27567 | D:12     | Noticed Azrael
 27569 | D:12     | Killed Azrael
 27614 | D:12     | Reached XP level 14. HP: 116/116 MP: 8/32
 28143 | Orc:1    | Entered Level 1 of the Orcish Mines
 28592 | Orc:1    | Noticed Harold
 28598 | Orc:1    | Killed Harold
 28772 | Orc:2    | Entered Level 2 of the Orcish Mines
 29619 | Orc:2    | Found Seusem's Distillery.
 29724 | Orc:2    | Noticed Jorgrun
 29728 | Orc:2    | Killed Jorgrun
 30061 | Orc:2    | Found Qysimiwk's Assorted Antiques.
 30370 | Orc:2    | Found a staircase to the Elven Halls.
 30467 | Orc:2    | Noticed an orc warlord
 31093 | Orc:2    | Killed an orc warlord
 31264 | Orc:2    | Found Ydur Rewynko's Antique Weapon Shoppe.
 31265 | Orc:2    | Found Ronese's Antique Armour Emporium.
 31307 | Orc:2    | Bought a bloodstained chain mail for 304 gold pieces
 31307 | Orc:2    | Identified the +2 chain mail "Barch" {rElec rN+++ Will-
                  | SInv} (You bought it in a shop on level 2 of the Orcish
                  | Mines)
 31356 | Orc:2    | Bought a potion of curing for 36 gold pieces
 31356 | Orc:2    | Bought a potion of heal wounds for 60 gold pieces
 31356 | Orc:2    | Bought a potion of heal wounds for 60 gold pieces
 31356 | Orc:2    | Bought 2 potions of cancellation for 192 gold pieces
 31356 | Orc:2    | Bought a potion of cancellation for 96 gold pieces
 31385 | Orc:2    | Bought a scroll of blinking for 225 gold pieces
 31593 | D:13     | Reached skill level 10 in Spellcasting
 31877 | D:13     | Reached skill level 14 in Ice Magic
 33031 | D:14     | Found a gate to the Vaults.
 33108 | D:14     | Reached skill level 5 in Armour
 34544 | Lair:6   | Reached XP level 15. HP: 125/125 MP: 12/34
 35771 | Lair:6   | Identified the +6 rapier of Watchfulness {flame, *Rage
                  | Fragile rElec Int+2}
 35822 | Lair:6   | Noticed Sonja
 35823 | Lair:6   | Killed Sonja
 36626 | Lair:4   | Learned a level 5 spell: Metabolic Englaciation
 36627 | Snake:1  | Entered Level 1 of the Snake Pit
 37190 | Snake:1  | Identified Roxanne's Catalogue of Changing
 37190 | Snake:1  | Noticed Roxanne
 37408 | Snake:1  | Found a transporter.
 37440 | Snake:1  | Noticed swinepaste's ghost (journeyman DsAK)
 37444 | Snake:1  | Found a transporter.
 37561 | Snake:1  | Identified the +8 arbalest "Ox" {flame, Dex+5}
 39007 | Snake:1  | Killed Roxanne
 39028 | Snake:1  | Learned a level 6 spell: Statue Form
 39193 | Snake:2  | Reached skill level 1 in Transmutations
 39193 | Snake:2  | Reached skill level 1 in Earth Magic
 39537 | Snake:2  | Found Gaotad's Book Boutique.
 39537 | Snake:2  | Found Mal Nepi's Jewellery Emporium.
 39538 | Snake:2  | Found Tokickane's Jewellery Emporium.
 40082 | Snake:2  | Reached skill level 10 in Fighting
 40924 | Snake:3  | Found Archoep's Distillery.
 41254 | Snake:2  | Found Gaotad's Book Boutique.
 41254 | Snake:2  | Found Mal Nepi's Jewellery Emporium.
 41255 | Snake:2  | Found Tokickane's Jewellery Emporium.
 41937 | Snake:3  | Reached XP level 16. HP: 134/134 MP: 15/36
 42622 | Snake:3  | Found a runed translucent gate.
 42622 | Snake:3  | Found a runed translucent gate.
 42622 | Snake:3  | Found a runed translucent gate.
 42789 | Snake:3  | Reached skill level 5 in Transmutations
 42790 | Snake:3  | Reached skill level 5 in Earth Magic
 42963 | Snake:4  | Entered Level 4 of the Snake Pit
 43082 | Snake:4  | Reached skill level 15 in Ice Magic
 43088 | Snake:4  | Learned a level 1 spell: Apportation
 43932 | Snake:4  | Noticed Kirke
 43936 | Snake:4  | Killed Kirke
 45605 | Snake:4  | Noticed Aizul
 45610 | Snake:4  | Killed Aizul
 46904 | Snake:4  | Reached skill level 10 in Conjurations
 47038 | Snake:4  | Got a serpentine rune of Zot
 47394 | D:15     | Entered Level 15 of the Dungeon
 47487 | D:15     | Reached XP level 17. HP: 140/140 MP: 22/37
 48698 | D:15     | Found a staircase to the Depths.
 49277 | Slime:1  | Entered Level 1 of the Pits of Slime
 50288 | Swamp:1  | Entered Level 1 of the Swamp
 51521 | Swamp:1  | Acquired a +0 pair of boots of stealth
 55069 | Swamp:4  | Entered Level 4 of the Swamp
 55069 | Swamp:4  | Found the +2 cloak of the Thief {*Fog Slay-2 SInv Stlth+}
 55377 | Swamp:4  | Identified the ring of Beauty {Drain +Blink Dex+6 SInv}
 55406 | Swamp:4  | Reached XP level 18. HP: 136/147 MP: 17/39
 55824 | Swamp:4  | Reached skill level 16 in Ice Magic
 55880 | Swamp:4  | Identified the amulet "Joijiet" {Reflect rElec Str-3 Dex+4
                  | SH+5}
 59584 | Swamp:4  | Got a decaying rune of Zot
 59732 | Snake:2  | Bought an amulet of magic regeneration for 540 gold pieces
 59739 | Snake:2  | Bought a book of Storms for 608 gold pieces
 59745 | Snake:2  | Learned a level 5 spell: Lightning Bolt
 61533 | Slime:3  | Gained mutation: You are weak. (Str -2) [a shining eye]
 62063 | Slime:5  | Entered Level 5 of the Pits of Slime
 62235 | Slime:5  | Reached skill level 15 in Air Magic
 63191 | Slime:5  | Reached XP level 19. HP: 154/154 MP: 27/41
 63820 | D:5      | Killed Dittersdorf's ghost
 64305 | Slime:5  | Noticed the Royal Jelly
 64306 | Slime:5  | Gained mutation: You have a pair of small horns on your
                  | head. [a shining eye]
 64711 | Slime:5  | Killed the Royal Jelly
 64765 | Slime:5  | Got a slimy rune of Zot
 64794 | Slime:5  | Identified the +2 ring mail of Baldness {-Tele Harm rN++
                  | Regen+}
 64803 | Slime:5  | Identified the ring of Qiput {Will+ AC+4 Int+3}
 64818 | Slime:5  | Identified the +1 arbalest of Victory {speed, rElec rPois
                  | Will+}
 64820 | Slime:5  | Identified the +4 hand axe "Fegod" {antimagic, Stlth+}
 64845 | Slime:5  | Identified the +9 dagger of Taixteol {protect, Contam
                  | +Blink rN+++ Dex+3}
 65306 | Depths:1 | Entered Level 1 of the Depths
 65328 | Depths:1 | Found a runed translucent door.
 66007 | Depths:1 | Identified the +1 chain mail of the Lion {rElec Int+2}
 66907 | Depths:1 | Found a gateway to Hell.
 67362 | Depths:2 | Reached skill level 1 in Evocations
 67695 | Depths:2 | Reached skill level 17 in Ice Magic
 68374 | Depths:2 | HP: 6/154 [spark wasp (22)]
 68374 | Depths:2 | Mangled by a spark wasp

Illustrated notes

Levels and vault maps discovered:
D:1:      matt_arrival_los_fun, layout_rooms, serial_forest,
          infiniplex_forest_corner_1, infiniplex_forest_straight_5,
          infiniplex_forest_end_3, infiniplex_forest_end_3,
          infiniplex_forest_clump_C, infiniplex_forest_clump_diagonal,
          infiniplex_forest_straight_3
D:2:      layout_basic, hellmonk_ecumenical_altar_blasted, minmay_snake_closets
D:3:      layout_loops_cross
D:4:      layout_loops_ring, old_standard_altar,
          nemelex_xobeh_ov_fountains_minmay, mainiacjoe_overflow_cross_hatched,
          minmay_temple_entry_purple_smoke, uniq_pikel, uniq_grinder
D:5:      layout_loops_ring, gup_sewer_entry_pipe, ebering_ghost_inner_flame,
          hellmonk_bongcloud_opening
D:6:      minmay_klotski, layout_basic, okawaru_gym_becter
D:7:      cheibrodos_helix_gallery, layout_basic, fedhas_altar_1,
          kennysheep_mini_moat, uniq_menkaure
D:8:      layout_cave_pools, due_lair_maze_entry_diamond,
          ebering_ghost_reflecting_pool, serial_gnoll_camp,
          gnoll_camp_mini_house, gnoll_camp_mini_doghouse, gnoll_camp_medium_02,
          gnoll_camp_medium_01
D:9:      layout_basic, ashenzari_conservatory_becter,
          mainiacjoe_overflow_alcove_2, serial_shops, shop
D:10:     layout_small_grid, gammafunk_ghost_berserking_beasts, serial_shops,
          shop
D:11:     layout_stronghold, serial_shops, shop
D:12:     layout_roguey, erik_orc_4, serial_shops, bzr_entry_lakeside,
          drop_trap, chequers_serial_rivers_micro_b, nicolae_gozag_seed_capital,
          uniq_azrael
D:13:     layout_cave_pools
D:14:     layout_cave_pods, grunt_vaults_entry_tiered, nicolae_vehumet_radiance
D:15:     grunt_enter_depths_magical_seal, layout_basic, serial_glass,
          glass_columns_a, glass_columns_a, minmay_misc_feat_doors
Temple:   minmay_temple_curvy_branch
Lair:1:   layout_chaotic_city, uniq_joseph
Lair:2:   layout_regular_city
Lair:3:   layout_regular_city, swamp_mist_pool, grunt_megastairs_3,
          serial_bayou_shore_b, uniq_gastronok
Lair:4:   layout_gridlike, minmay_snake_entry_guardpost_medium,
          portal_ice_cave_entry_pillars_1, uniq_urug
Lair:5:   layout_big_grid, nicolae_slime_entry_slimehenge,
          grunt_forest_large_clearings, grunt_megastairs_2,
          infiniplex_staircase_pool
Lair:6:   gammafunk_lair_ancient_temple, layout_misc_corridors, uniq_sonja
Swamp:1:  layout_falls_marsh, evilmike_swamp_ruin_house_1
Swamp:2:  layout_falls_marsh, hangedman_swamp_pad
Swamp:3:  layout_falls_marsh, evilmike_swamp_ruin_rubble_1
Swamp:4:  byrel_swamp_growth_death_and_undeath, layout_basic_swamp,
          nicolae_swamp_bloodsuckers_inc
Snake:1:  layout_rooms, gammafunk_ghost_arena, uniq_roxanne
Snake:2:  layout_onion_interference, nicolae_snake_mages_go_home,
          minmay_shop_grove
Snake:3:  layout_cave_shapes, serial_shops, nicolae_stop_n_shop_2,
          chequers_hall_statues_y, nicolae_snake_horde_hoard
Snake:4:  snake_pit_salamanders_mu, layout_cave_town, uniq_aizul, uniq_kirke
Slime:1:  layout_caves
Slime:2:  layout_caves
Slime:3:  layout_caves
Slime:4:  layout_caves, basic_altar
Slime:5
Orc:1:    layout_caves, uniq_harold
Orc:2:    grunt_orc_community_town_hall, layout_caves,
          grunt_orc_community_big_house_2, grunt_orc_community_big_house_1,
          grunt_orc_community_house_3, grunt_orc_community_house_1,
          grunt_orc_community_house_3, grunt_orc_community_house_3, uniq_jorgrun
Depths:1: layout_twisted_cross, nicolae_two_hexagons, hellmouth_1,
          minmay_acid_items, firewood_loft
Depths:2: minmay_central_circle, layout_honeycomb, grunt_pan_entry_in_and_out,
          nicolae_qazlal_style_of_elements, hell_entry, roderic_lattice_a,
          infiniplex_staircase_star

Skill      XL: |  1  2  3  4  5  6  7  8  9 10 11 12 13 14 15 16 17 18 19 |
---------------+----------------------------------------------------------+-----
Spellcasting   | 2 3 4 5 6 7 8 9 10 11 12 13 | 13.4
Ice Magic      | 4 5 7 8 9 10 11 12 13 14 15 16 17 | 17.0
Shields        | 1 2 3 4 |  4.0
Fighting       | 2 3 5 6 7 8 9 10 | 10.0
Conjurations   | 2 4 5 6 8 9 10 12 13 14 | 14.6
Air Magic      | 1 4 6 8 9 10 11 12 14 15 16 | 16.6
Fire Magic     | 2 3 |  3.0
Armour         | 2 5 |  5.5
Transmutations | 4 7 |  7.0
Earth Magic    | 4 7 |  7.0
Evocations     | 1 |  1.8
Dodging        | |  1.7
Stealth        | |  1.7

Action                   |  1- 3 |  4- 6 |  7- 9 | 10-12 | 13-15 | 16-18 | 19-21 || total
-------------------------+-------+-------+-------+-------+-------+-------+-------++-------
Melee: Mace              |     3 |       |       |       |       |       |       ||     3
       Whip              |     4 |    62 |    47 |    53 |     3 |       |       ||   169
       Staff             |       |       |     6 |     3 |     9 |     7 |     1 ||    26
       Headbutt          |       |       |       |       |       |       |     1 ||     1
 Cast: Freeze            |    56 |    25 |    51 |    93 |     5 |     1 |     2 ||   233
       Frozen Ramparts   |       |    19 |    38 |    72 |     9 |       |       ||   138
       Hailstorm         |       |       |    42 |   148 |   125 |    11 |     3 ||   329
       Airstrike         |       |       |     2 |    26 |   116 |    94 |     1 ||   239
       Sticky Flame      |       |       |       |    21 |    43 |     8 |     3 ||    75
       Ozocubu's Refrige |       |       |       |     1 |   252 |   455 |   132 ||   840
       Statue Form       |       |       |       |       |       |     5 |     1 ||     6
       Apportation       |       |       |       |       |       |     1 |       ||     1
       Lightning Bolt    |       |       |       |       |       |     2 |    22 ||    24
  Use: Scroll            |       |       |    20 |     6 |     2 |    10 |     7 ||    45
       Potion            |       |       |     2 |       |       |     1 |       ||     3
 Stab: Sleeping          |       |     2 |       |       |       |       |       ||     2
Armor: Robe              |     8 |    16 |    19 |    64 |    59 |    91 |    23 ||   280
       Skin              |       |       |       |       |       |     6 |     9 ||    15
       Fire dragon scale |       |       |       |       |       |       |     3 ||     3
Dodge: Dodged            |    27 |    39 |    48 |    99 |    56 |    75 |    22 ||   366
Block: Buckler           |       |     3 |    19 |    58 |    27 |    49 |    11 ||   167

Table legend: (Time is in decaauts)
 A = Elapsed time spent in this place.
 B = Non-inter-level travel time spent in this place.
 C = Inter-level travel time spent in this place.
 D = Time resting spent in this place.
 E = Time spent auto-exploring this place.
 F = Levels seen in this place.
 G = Mean time per level.
                   A        B        C        D        E       F      G
               +--------+--------+--------+--------+--------+-----+--------+
         Total |  69269 |  65014 |   4255 |  29579 |  23872 |  42 | 1649.3 |
       Dungeon |  21904 |  20286 |   1618 |   7543 |   9457 |  15 | 1460.3 |
        Temple |    253 |    249 |      4 |      0 |    248 |   1 |  253.0 |
          Lair |  13378 |  12191 |   1187 |   5652 |   4742 |   6 | 2229.7 |
         Swamp |   9325 |   9082 |    243 |   5102 |   2498 |   4 | 2331.2 |
     Snake Pit |  10708 |  10392 |    316 |   5676 |   3102 |   4 | 2677.0 |
    Slime Pits |   4911 |   4356 |    555 |   1800 |   1284 |   5 |  982.2 |
  Orcish Mines |   3166 |   2933 |    233 |   1354 |    964 |   2 | 1583.0 |
        Depths |   2933 |   2835 |     98 |   1343 |    875 |   2 | 1466.5 |
        Bazaar |    246 |    246 |      0 |    121 |     13 |   1 |  246.0 |
         Sewer |   1276 |   1276 |      0 |    335 |    687 |   1 | 1276.0 |
      Ice Cave |   1164 |   1164 |      0 |    653 |      0 |   1 | 1164.0 |
               +--------+--------+--------+--------+--------+-----+--------+

Top non-repeatable levels by time:
 Swamp:4: 4367 daAuts
 Snake:4: 3927 daAuts
  Lair:5: 3300 daAuts
 Snake:1: 2641 daAuts
  Lair:4: 2371 daAuts
     D:8: 2352 daAuts
  Lair:3: 2344 daAuts
 Snake:2: 2098 daAuts
  Lair:6: 2090 daAuts
   Orc:2: 2059 daAuts
 Snake:3: 2041 daAuts
     D:7: 1987 daAuts
  Lair:1: 1930 daAuts
Depths:1: 1889 daAuts
 Swamp:3: 1883 daAuts
